 Dungeon Crawl Stone Soup version 0.31-a0-175-g9f7f995f2b (webtiles) character file.

Game seed: 15665229104992659836

88 qw the Shooter (level 4, -2/40 HPs)
             Began as a Naga Hunter on June 17, 2023.
             Slain by an orc priest
             ... wielding a +0 dagger
              (5 damage)
             ... on level 3 of the Dungeon.
             The game lasted 00:00:44 (1831 turns).

qw the Shooter (Naga Hunter)                        Turns: 1831, Time: 00:00:45

Health: -2/40      AC:  2    Str: 14    XL:     4   Next: 54%
Magic:  4/4        EV:  9    Int:  9    God:
Gold:   48         SH:  0    Dex: 16    Spells: 3/3 levels left

rFire   . . .        Y - +0 shortbow
rCold   . . .        (shield currently unavailable)
rNeg    . . .        c - +0 leather armour
rPois   +            (no helmet)
rElec   .            (no cloak)
rCorr   .            (no gloves)
SInv    +            (no barding)
Will    .....        (no amulet)
Stlth   ++           (no ring)
HPRegen 0.26/turn    (no ring)
MPRegen 0.09/turn

%: no passive effects
@: about to teleport, short of breath, very slow
A: AC +1, large, see invisible, deformed body, poison resistance, slowness 2,
spit poison 1, naga tail 1
a: Spit Poison


You were on level 3 of the Dungeon.
You visited 1 branch of the dungeon, and saw 3 of its levels.

You collected 48 gold pieces.


Innate Abilities, Weirdness & Mutations

Your serpentine skin is tough. (AC +1)
You have supernaturally acute eyesight. (SInv)
Armour fits poorly on your strangely shaped body.
Your system is resistant to poisons. (rPois)
You cover ground very slowly.
You can spit poison.
You have a snake-like lower body.


   Skills:
 + Level 2.8 Fighting
 - Level 5.0 Ranged Weapons
 - Level 1.5 Dodging
 - Level 1.5 Stealth


You had 3 spell levels left.
You didn't know any spells.
Your spell library was empty.

Inventory:

Hand Weapons
 Y - a +0 shortbow (weapon)
Armour
 c - a +0 leather armour (worn)
Potions
 a - a potion of heal wounds {unknown}
 f - a potion of curing {unknown}
 g - a potion of degeneration {unknown}
 h - a potion of brilliance {unknown}

Dungeon Overview and Level Annotations

Branches:
Dungeon (3/15)

Altars:

Shops:
D:3 *


Message History

The orc is severely wounded.
You have got your breath back.
The orc priest hits you with a +0 short sword.
The orc closely misses you.
1826 ||| INVOKING Spit Poison.
Aiming: Spit Poison (1% risk of failure)
Press: ? - help, Shift-Dir - straight line, f/p - orc The splash of poison hits the orc.
The orc looks even sicker.
You kill the orc!
The orc priest looks braver for a moment.
You shoot an arrow.
The arrow closely misses the orc priest.
The orc priest misses you.
The orc priest hits you with a +0 dagger.
The orc priest closely misses you.
The orc priest hits you with a +0 dagger.
You shoot an arrow.
The arrow hits the orc priest but does no damage.
The orc priest hits you but does no damage.
The orc priest mumbles some strange prayers to Beogh against you.
Beogh smites you!
You shoot an arrow. The arrow hits the orc priest.
The orc priest is lightly wounded.
You have got your breath back.
The orc priest hits you but does no damage.
The orc priest hits you with a +0 short sword.
1830 ||| INVOKING Spit Poison.
Aiming: Spit Poison (1% risk of failure)
Press: ? - help, Shift-Dir - straight line, f/p - orc priest The splash of poison misses the orc priest.
The orc priest calls upon Beogh to heal the orc priest.
The orc priest's wounds heal themselves!
The orc priest invokes the aid of Beogh against you.
Beogh smites you!
1831 ||| READING scroll of teleportation.
As you read the scroll of teleportation, it crumbles to dust.
You feel strangely unstable. The orc priest misses you.
The orc priest hits you with a +0 dagger.
You die...

# #.#####
###.....#
...)).oo#
########@#
#........#
..#......#######
#..........<....
#.......########
#.......##
#........#
#..#####.# #..
#.#######


You could see 2 orc priests.

Vanquished Creatures
  2 adders
  3 orcs (D:3)
  9 bats
  7 endoplasms
  5 giant cockroaches
  7 goblins
  4 hobgoblins
  2 jackals (D:3)
  9 kobolds
  2 quokkas
  2 ball pythons (D:1)
  4 frilled lizards
  4 rats
60 creatures vanquished.

Notes
Turn   | Place    | Note
-------+----------+-------------------------------------------
     0 | D:1      | qw the Naga Hunter began the quest for the Orb.
     0 | D:1      | Reached XP level 1. HP: 19/19 MP: 1/1
     0 | D:1      | 0 ||| qw: Version: 0.3-a-2-g5ab2908
     0 | D:1      | 0 ||| qw: Game counter: 101
     0 | D:1      | 0 ||| qw: Always use a shield: true
     0 | D:1      | 0 ||| qw: God list: Okawaru
     0 | D:1      | 0 ||| qw: Allow faded altars: false
     0 | D:1      | 0 ||| qw: Do Orc after D:15 true
     0 | D:1      | 0 ||| qw: Do second Lair branch before Depths: true
     0 | D:1      | 0 ||| qw: Lair rune preference: random
     0 | D:1      | 0 ||| qw: Plans: Normal
     0 | D:1      | 0 ||| PLANNING D:1-11
    35 | D:1      | 35 ||| INVOKING Spit Poison.
    48 | D:1      | 48 ||| INVOKING Spit Poison.
    99 | D:1      | 99 ||| INVOKING Spit Poison.
   102 | D:1      | 102 ||| INVOKING Spit Poison.
   104 | D:1      | Reached skill level 4 in Ranged Weapons
   104 | D:1      | Reached XP level 2. HP: 12/26 MP: 2/2
   105 | D:1      | 105 ||| INVOKING Spit Poison.
   247 | D:1      | 247 ||| INVOKING Spit Poison.
   251 | D:1      | 251 ||| INVOKING Spit Poison.
   343 | D:1      | 343 ||| INVOKING Spit Poison.
   348 | D:1      | 348 ||| INVOKING Spit Poison.
   511 | D:1      | 511 ||| INVOKING Spit Poison.
   565 | D:1      | 565 ||| INVOKING Spit Poison.
   572 | D:1      | 572 ||| INVOKING Spit Poison.
   576 | D:1      | 576 ||| INVOKING Spit Poison.
   580 | D:1      | 580 ||| INVOKING Spit Poison.
   585 | D:1      | 585 ||| INVOKING Spit Poison.
   588 | D:1      | HP: 6/26 [giant cockroach (2)]
   591 | D:1      | 591 ||| INVOKING Spit Poison.
   685 | D:1      | 685 ||| INVOKING Spit Poison.
   742 | D:1      | 742 ||| INVOKING Spit Poison.
   743 | D:1      | Reached XP level 3. HP: 32/32 MP: 3/3
   806 | D:1      | 806 ||| READING scroll labelled TYKATEAHERGH.
   807 | D:1      | 807 ||| READING scroll labelled FUMUGI GUILE.
   811 | D:1      | 811 ||| DROPPING scroll of butterflies.
   899 | D:2      | 899 ||| INVOKING Spit Poison.
   905 | D:2      | 905 ||| INVOKING Spit Poison.
   911 | D:2      | 911 ||| INVOKING Spit Poison.
   964 | D:2      | 964 ||| INVOKING Spit Poison.
  1062 | D:2      | 1062 ||| INVOKING Spit Poison.
  1140 | D:2      | Found a faded altar of an unknown god.
  1153 | D:2      | 1153 ||| INVOKING Spit Poison.
  1156 | D:2      | 1156 ||| INVOKING Spit Poison.
  1161 | D:2      | 1161 ||| INVOKING Spit Poison.
  1164 | D:2      | 1164 ||| INVOKING Spit Poison.
  1177 | D:2      | 1177 ||| INVOKING Spit Poison.
  1430 | D:2      | Reached skill level 5 in Ranged Weapons
  1430 | D:2      | Reached XP level 4. HP: 39/39 MP: 4/4
  1551 | D:2      | 1551 ||| READING scroll labelled LARGHE SOILI.
  1552 | D:2      | 1552 ||| READING scroll labelled DAIJ XAANEYNIHEDGH.
  1553 | D:2      | 1553 ||| READING scroll labelled QIOHIPP TAAGAH.
  1580 | D:3      | 1580 ||| INVOKING Spit Poison.
  1604 | D:3      | 1604 ||| INVOKING Spit Poison.
  1608 | D:3      | 1608 ||| INVOKING Spit Poison.
  1640 | D:3      | 1640 ||| INVOKING Spit Poison.
  1672 | D:3      | 1672 ||| INVOKING Spit Poison.
  1676 | D:3      | 1676 ||| INVOKING Spit Poison.
  1681 | D:3      | 1681 ||| INVOKING Spit Poison.
  1688 | D:3      | 1688 ||| INVOKING Spit Poison.
  1705 | D:3      | Found Xextoke's General Store.
  1732 | D:3      | 1732 ||| INVOKING Spit Poison.
  1774 | D:3      | 1774 ||| SHOPLISTING +5 shortbow (330 gold, have 48).
  1774 | D:3      | 1774 ||| SHOPLISTING wand of digging (4) (184 gold, have
                  | 48).
  1791 | D:3      | 1791 ||| Stepping ~*~*~tactically~*~*~ (outnumbered).
  1792 | D:3      | 1792 ||| INVOKING Spit Poison.
  1814 | D:3      | 1814 ||| INVOKING Spit Poison.
  1819 | D:3      | 1819 ||| INVOKING Spit Poison.
  1820 | D:3      | 1820 ||| Stepping ~*~*~tactically~*~*~ (outnumbered).
  1822 | D:3      | 1822 ||| INVOKING Spit Poison.
  1826 | D:3      | 1826 ||| INVOKING Spit Poison.
  1830 | D:3      | 1830 ||| INVOKING Spit Poison.
  1830 | D:3      | HP: 3/40 [orc priest/divine providence (12)]
  1831 | D:3      | 1831 ||| READING scroll of teleportation.
  1831 | D:3      | Slain by an orc priest

Levels and vault maps discovered:
D:1:      dpeg_arrival_orchard, layout_basic, st_stairs_10, chequers_garden,
          hangedman_decor_lopped
D:2:      layout_basic, serial_corexii_hall, corexii_hall_statues_u,
          chequers_hall_statues_wall_a, corexii_hall_statues_l,
          chequers_hall_statues_y, basic_ecumenical_altar, wad_floor_pattern_1,
          minmay_pentomino_pile
D:3:      corexii_shack_village, layout_loops_ring, serial_shops,
          nicolae_shop_tiny_glass

Skill      XL: |  1  2  3 |
---------------+----------+-----
Ranged Weapons | 4 5 |  5.0
Fighting       | |  2.8
Dodging        | |  1.5
Stealth        | |  1.5

Action                     |  1- 3 |  4- 6 || total
---------------------------+-------+-------++-------
   Fire: Shortbow          |    79 |    25 ||   104
Ability: Spit Poison       |    27 |    15 ||    42
    Use: Scroll            |     2 |     4 ||     6
 Armour: Leather armour    |    13 |     2 ||    15
  Dodge: Dodged            |    16 |     7 ||    23

Table legend:
 A = Non-vault XP
 B = Vault XP
 C = Vault XP percentage of total XP
 D = Non-vault monster count
 E = Vault monster count
 F = Vault count percentage of total count
                 A         B        C        D         E       F
            +---------+---------+-------+---------+---------+-------
      Total |      97 |      30 |  23.6 |      49 |      11 |  18.3
            +---------+---------+-------+---------+---------+-------
        D:1 |      30 |       4 |  11.8 |      18 |       2 |  10.0
        D:2 |      27 |      23 |  46.0 |      16 |       7 |  30.4
        D:3 |      40 |       3 |   7.0 |      15 |       2 |  11.8
            +---------+---------+-------+---------+---------+-------
